 Dungeon Crawl Stone Soup version 0.31.0-32-g396128a36d (webtiles) character file.

Game seed: 5179129534204730977

153 spaghetti the Sneak (level 5, 0/41 HPs)
             Began as a Demonspawn Chaos Knight on Mar 21, 2024.
             Was a Plaything of Xom.
             Succumbed to a gnoll's poison
             ... on level 3 of the Dungeon.
             The game lasted 00:02:42 (1858 turns).

spaghetti the Sneak (Demonspawn Chaos Knight)       Turns: 1858, Time: 00:02:43

Health: 0/41       AC:  5    Str: 12    XL:     5   Next: 12%
Magic:  3/5        EV: 11    Int: 12    God:    Xom [...*..]
Gold:   155        SH:  0    Dex: 15    Spells: 4/4 levels left

rFire   . . .        a - +0 short sword (venom)
rCold   . . .        (no shield)
rNeg    . . .        b - +2 leather armour
rPois   .            (helmet currently unavailable)
rElec   .            h - melded +0 cloak
rCorr   .            (gloves currently unavailable)
SInv    .            (boots currently unavailable)
Will    +....        (no amulet)
Stlth   +++          (no ring)
HPRegen 0.26/turn    (no ring)
MPRegen 0.18/turn

%: guardian spirit
@: mighty, lethally poisoned (0 -> -3), beast-form
A: beast (slay +0), magic shield, magic regeneration, magic link, demonic touch
1, strong-willed 1, mutation resistance 1
a: Begin Untransformation, Renounce Religion


You were on level 3 of the Dungeon.
You worshipped Xom.
You were a favourite toy of Xom.
You were a hulking beast.
You visited 1 branch of the dungeon, and saw 3 of its levels.

You collected 155 gold pieces.

Inventory:

Hand Weapons
 a - a +0 short sword of venom (weapon)
Missiles
 e - 5 javelins (quivered)
Armour
 b - a +2 leather armour (worn)
 h - a +0 cloak (melded)
Jewellery
 f - a ring of ice
Talismans
 i - a beast talisman (active)
Scrolls
 c - a scroll of butterflies
 d - 2 scrolls of enchant weapon
 j - 2 scrolls of identify
 k - a scroll of poison
Potions
 g - a potion of might


   Skills:
 - Level 3.0 Fighting
 - Level 2.6 Short Blades
 - Level 1.7 Armour
 - Level 0.8 Dodging
 + Level 4.8 Stealth


You had 4 spell levels left.
You didn't know any spells.
Your spell library was empty.

Dungeon Overview and Level Annotations

Branches:
Dungeon (3/15)

Altars:
Trog


Innate Abilities, Weirdness & Mutations

You are a hulking beast.
Your limbs bulge with bestial killing power. (Slay +0)
When hurt, damage is shared between your health and your magic reserves.
You regenerate magic rapidly.
When low on magic, you restore magic in place of health.
Your touch may inflict minor irresistible damage on your foes.
You are strong-willed. (Will+)
You are somewhat resistant to further mutation.


Message History

You hit the gnoll.
The gnoll is almost dead.
You feel sick.
You kill the gnoll!
A quokka comes into view.
A gnoll comes into view. It is wielding a +0 spear.
You have reached level 5!
Your demonic ancestry asserts itself...
Your hands begin to faintly glow with unholy energy.
Unknown command.
Unknown command.
You are too injured to fight recklessly!
You are too injured to fight recklessly!
You swap places.
Found a stone staircase leading down.
You feel sick. The gnoll misses you. The gnoll hits you with a +0 whip!
* * * LOW HITPOINT WARNING * * *
Things that are here:
a +1 halberd of venom; a gnoll corpse You hit the gnoll.
You touch the gnoll.
You kill the gnoll!
You feel sick.
The gnoll hits you from afar with a +0 spear.
* * * LOW HITPOINT WARNING * * *
The gnoll hits you with a +0 whip.
* * * LOW HITPOINT WARNING * * *
Okay, then.
You barely miss the gnoll.
You touch the gnoll.
The gnoll is heavily wounded.
* * * LOW HITPOINT WARNING * * *
You feel sick. The quokka barely misses you. The gnoll closely misses you.
The gnoll hits you with a +0 whip.
* * * LOW HITPOINT WARNING * * *
Your adder zombie bites the gnoll but does no damage.
The quokka closely misses you.
Unknown command.
Unknown command.
You puncture the gnoll!
You kill the gnoll!
You die...
Xom chuckles heartily!

#.# #...#
#...[.......
#.#########.#
#####.......
#.>......##.#
#.......
###.#.##.##.#
###+#######..####.
#.###......#
#............# #.
##.#.##.####
##.########..# #.
########
##..########.....#.
#..........##.##.#.
#Zh#######. .# #
#)r# .# #gJ# .#
...> .^ ##.## #. #.
#.


You could see a gnoll (ally target), an endoplasm, a quokka and a friendly adder
zombie.

Vanquished Creatures
  Terence (D:3)
  6 adders
  3 gnolls (D:3)
  An orc (D:2)
  3 bats
  An endoplasm (D:1)
  8 giant cockroaches
  5 goblins
  4 hobgoblins
  4 jackals
  4 kobolds
  2 quokkas
  6 ball pythons
  A frilled lizard (D:1)
  2 rats
51 creatures vanquished.

Vanquished Creatures (collateral kills)
  A kobold (D:3)
1 creature vanquished.

Grand Total: 52 creatures vanquished

Notes
Turn   | Place    | Note
-------+----------+-------------------------------------------
     0 | D:1      | spaghetti the Demonspawn Chaos Knight began the quest for
                  | the Orb.
     0 | D:1      | Reached XP level 1. HP: 18/18 MP: 1/1
    96 | D:1      | Reached skill level 1 in Stealth
   150 | D:1      | Gained mutation: You regenerate magic rapidly. [demonic
                  | ancestry]
   150 | D:1      | Reached XP level 2. HP: 23/24 MP: 2/2
   251 | D:1      | XOM: divination: magic mapping
   314 | D:1      | Reached skill level 2 in Stealth
   391 | D:1      | XOM: silly message
   593 | D:1      | XOM: silly message
   698 | D:2      | Gained mutation: When hurt, damage is shared between your
                  | health and your magic reserves. [demonic ancestry]
   698 | D:2      | Reached XP level 3. HP: 18/29 MP: 3/3
   886 | D:2      | Reached skill level 3 in Stealth
  1174 | D:2      | XOM: swap monsters
  1176 | D:2      | Gained mutation: When low on magic, you restore magic in
                  | place of health. [demonic ancestry]
  1176 | D:2      | Reached XP level 4. HP: 31/35 MP: 4/4
  1183 | D:2      | XOM: fog
  1575 | D:3      | Reached skill level 4 in Stealth
  1636 | D:3      | XOM: give mutations
  1636 | D:3      | Gained mutation: You are somewhat resistant to further
                  | mutation. [Xom's grace]
  1636 | D:3      | Gained mutation: You are strong-willed. (Will+) [Xom's
                  | grace]
  1673 | D:3      | Noticed Terence
  1685 | D:3      | Killed Terence
  1711 | D:3      | Found a bloodstained altar of Trog.
  1721 | D:3      | XOM: 2-stop teleportation journey
  1771 | D:3      | XOM: confuse monster(s)
  1855 | D:3      | Gained mutation: Your touch may inflict minor irresistible
                  | damage on your foes. [demonic ancestry]
  1855 | D:3      | Reached XP level 5. HP: 16/41 MP: 5/5
  1857 | D:3      | HP: 2/41 [poisoned by a gnoll]
  1858 | D:3      | Succumbed to a gnoll's poison

Illustrated notes

Levels and vault maps discovered:
D:1:      scummos_arrival_simple_crosswalls, layout_basic, chequers_big_river,
          dreamdust_wishing_well
D:2:      layout_loops_ring, minmay_guardbox
D:3:      layout_loops_ring, mainiacjoe_overflow_alcove_4,
          minmay_goblin_kobold_house, uniq_crazy_yiuf_cottage, uniq_terence

Skill      XL: |  1  2  3  4 |
---------------+-------------+-----
Stealth        | 1 2 3 4 |  4.8
Fighting       | |  3.0
Short Blades   | |  2.6
Armour         | |  1.7
Dodging        | |  0.8

Action                     |  1- 3 |  4- 6 || total
---------------------------+-------+-------++-------
  Melee: Short sword       |   154 |    86 ||   240
         Punch             |     1 |       ||     1
         Touch             |       |     2 ||     2
    Use: Scroll            |     1 |     2 ||     3
         Potion            |       |     1 ||     1
   Stab: Sleeping          |     2 |     3 ||     5
         Distracted        |     1 |       ||     1
         Confused          |       |     2 ||     2
 Armour: Leather armour    |    93 |    64 ||   157
  Dodge: Dodged            |   104 |    81 ||   185
   Form: Beast             |     1 |       ||     1
